TOP OF THE 1ST |
Memphis Blues batting - Pitching for Shreveport Braves : RHP Juan Cardona
|
Pitching: RHP Juan Cardona
|
|
Batting: RHB Mariano Duncan
|
0-0: Ball 1-0: Called Strike 1-1: Foul Ball, location: 2F 1-2: Foul Ball, location: 2F 1-2: Strikes out swinging
|
Batting: RHB Dave Penniall
|
0-0: Ball 1-0: Ground out 6-3 (Groundball, 6, EV 90.0 MPH)
|
Batting: LHB Don Jacoby
|
0-0: Ball 1-0: Called Strike 1-1: Ball 2-1: Called Strike 2-2: Ball 3-2: Base on Balls
|
Batting: RHB Randy Filkins
|
0-0: Ball 1-0: SINGLE (Groundball, 6MD, EV 102.5 MPH) Don Jacoby to second
|
Batting: RHB Bradley Shames
|
0-0: Called Strike 0-1: Ball 1-1: Ball 2-1: Fielders Choice at 2nd, 6-4 (Groundball, 6, EV 88.8 MPH)
|
Top of the 1st over - 0 runs, 1 hit, 0 errors, 2 left on base; Memphis 0 - Shreveport 0 |
BOTTOM OF THE 1ST |
Shreveport Braves batting - Pitching for Memphis Blues : RHP Craig Mitchell
|
Pitching: RHP Craig Mitchell
|
|
Batting: LHB Robert Loscalzo
|
0-0: Called Strike 0-1: Fly out, F9 (Flyball, 89M, EV 94.4 MPH)
|
Batting: LHB Ronald Walker
|
0-0: Ball 1-0: Ball 2-0: Swinging Strike 2-1: Ball 3-1: Called Strike 3-2: Fly out, F8 (Flyball, 8RM, EV 84.4 MPH)
|
Batting: RHB Thomas Popovich
|
0-0: Ball 1-0: Foul Ball, location: 2F 1-1: DOUBLE (Line Drive, 9LM, EV 111.3 MPH)
|
Batting: LHB Tracy Dophied
|
0-0: Foul Ball, location: 2F 0-1: Called Strike 0-2: 2-RUN HOME RUN (Flyball, 89XD, EV 107.5 MPH), Distance : 390 ft
|
Batting: RHB Glenn Walker
|
0-0: Fly out, F8 (Flyball, 8LS, EV 81.9 MPH)
|
Bottom of the 1st over - 2 runs, 2 hits, 0 errors, 0 left on base; Memphis 0 - Shreveport 2 |
TOP OF THE 2ND |
Memphis Blues batting - Pitching for Shreveport Braves : RHP Juan Cardona
|
Batting: RHB Augustine Garrett
|
0-0: SINGLE (Groundball, 6MD, EV 101.9 MPH)
|
Batting: RHB Jim Pankovits
|
0-0: Ball Augustine Garrett steals 2nd base 1-0: Ball 2-0: Foul Ball, location: 2F 2-1: Fly out, F7 (Flyball, 7D, EV 87.5 MPH) Runner from 2nd tags up, SAFE at 3rd, no throw by LF
|
Batting: RHB Jeff Reynolds
|
0-0: Swinging Strike 0-1: Ball 1-1: Ball 2-1: Ball 3-1: Swinging Strike 3-2: Fly out, F9 (Flyball, 9LM, EV 86.3 MPH) Runner from 3rd tags up, SCORES, throw by RF
|
Batting: RHB William Muth
|
0-0: Ground out 5-3 (Groundball, 5S, EV 87.5 MPH)
|
Top of the 2nd over - 1 run, 1 hit, 0 errors, 0 left on base; Memphis 1 - Shreveport 2 |
BOTTOM OF THE 2ND |
Shreveport Braves batting - Pitching for Memphis Blues : RHP Craig Mitchell
|
Batting: RHB Robert Bohnet
|
0-0: Ball 1-0: Ball 2-0: Ball 3-0: Called Strike 3-1: Foul Ball, location: 2F 3-2: Base on Balls
|
Batting: SHB Michael Lessard
|
0-0: Foul Ball, location: 2F 0-1: Ball 1-1: Fly out, F7 (Line Drive, 7, EV 90.0 MPH)
|
Batting: RHB Jeff Matthews
|
0-0: SINGLE (Flyball, 34D, EV 86.3 MPH) Robert Bohnet to second
|
Batting: RHB Dave Buffamoyer
|
0-0: Ball 1-0: Ball 2-0: Swinging Strike 2-1: Swinging Strike 2-2: Grounds into double play, 6-4-3 (Groundball, 6, EV 101.9 MPH)
|
Bottom of the 2nd over - 0 runs, 1 hit, 0 errors, 1 left on base; Memphis 1 - Shreveport 2 |
TOP OF THE 3RD |
Memphis Blues batting - Pitching for Shreveport Braves : RHP Juan Cardona
|
Batting: RHB Mariano Duncan
|
0-0: Ball 1-0: Called Strike 1-1: Called Strike 1-2: Strikes out swinging
|
Batting: RHB Dave Penniall
|
0-0: Foul Ball, location: 2F 0-1: Ball 1-1: Swinging Strike 1-2: Strikes out looking
|
Batting: LHB Don Jacoby
|
0-0: Called Strike 0-1: Ball 1-1: Ball 2-1: Foul Ball, location: 2F 2-2: Strikes out looking
|
Top of the 3rd over - 0 runs, 0 hits, 0 errors, 0 left on base; Memphis 1 - Shreveport 2 |
BOTTOM OF THE 3RD |
Shreveport Braves batting - Pitching for Memphis Blues : RHP Craig Mitchell
|
Batting: LHB Robert Loscalzo
|
0-0: Ball 1-0: Called Strike 1-1: Foul Ball, location: 2F 1-2: Strikes out swinging
|
Batting: LHB Ronald Walker
|
0-0: Reached on error, E4 (Groundball, 4, EV 101.3 MPH)
|
Batting: RHB Thomas Popovich
|
0-0: Swinging Strike 0-1: Ball 1-1: Foul Ball, location: 2F 1-2: Ball 2-2: Strikes out swinging
|
Batting: LHB Tracy Dophied
|
0-0: Fly out, F8 (Line Drive, 8LM, EV 110.6 MPH)
|
Bottom of the 3rd over - 0 runs, 0 hits, 1 error, 1 left on base; Memphis 1 - Shreveport 2 |
TOP OF THE 4TH |
Memphis Blues batting - Pitching for Shreveport Braves : RHP Juan Cardona
|
Batting: RHB Randy Filkins
|
0-0: Ball 1-0: Swinging Strike 1-1: Foul Ball, location: 2F 1-2: Strikes out swinging
|
Batting: RHB Bradley Shames
|
0-0: Ball 1-0: Ground out U3 (Groundball, 34S, EV 87.5 MPH)
|
Batting: RHB Augustine Garrett
|
0-0: Foul Ball, location: 2F 0-1: Called Strike 0-2: Ball 1-2: Ball 2-2: TRIPLE (Flyball, 78XD, EV 97.5 MPH)
|
Batting: RHB Jim Pankovits
|
0-0: Ground out 4-3 (Groundball, 4, EV 87.5 MPH)
|
Top of the 4th over - 0 runs, 1 hit, 0 errors, 1 left on base; Memphis 1 - Shreveport 2 |
BOTTOM OF THE 4TH |
Shreveport Braves batting - Pitching for Memphis Blues : RHP Craig Mitchell
|
Batting: RHB Glenn Walker
|
0-0: Called Strike 0-1: Swinging Strike 0-2: Strikes out swinging
|
Batting: RHB Robert Bohnet
|
0-0: Called Strike 0-1: Foul Ball, location: 2F 0-2: Foul Ball, location: 2F 0-2: Foul Ball, location: 2F 0-2: SINGLE (Groundball, 6MD, EV 95.6 MPH)
|
Batting: SHB Michael Lessard
|
0-0: Ball 1-0: Hit by Pitch Robert Bohnet to second
|
Batting: RHB Jeff Matthews
|
0-0: Ball 1-0: Foul Ball, location: 2F 1-1: Called Strike 1-2: Ball 2-2: Fly out, F4 (Popup, 23, EV 84.4 MPH)
|
Batting: RHB Dave Buffamoyer
|
0-0: Fly out, F9 (Line Drive, 9D, EV 99.4 MPH)
|
Bottom of the 4th over - 0 runs, 1 hit, 0 errors, 2 left on base; Memphis 1 - Shreveport 2 |
TOP OF THE 5TH |
Memphis Blues batting - Pitching for Shreveport Braves : RHP Juan Cardona
|
Batting: RHB Jeff Reynolds
|
0-0: Called Strike 0-1: Ball 1-1: Foul Ball, location: 2F 1-2: Foul Ball, location: 2F 1-2: Strikes out looking
|
Batting: RHB William Muth
|
0-0: TRIPLE (Line Drive, 7LD, EV 101.3 MPH) Hidden ball trick at third base, runner out!
|
Batting: RHB Mariano Duncan
|
0-0: Ball 1-0: SINGLE (Groundball, 4MD, EV 96.3 MPH)
|
Batting: RHB Dave Penniall
|
0-0: Fielders Choice at 2nd, 5-4 (Groundball, 56, EV 86.3 MPH)
|
Top of the 5th over - 0 runs, 2 hits, 0 errors, 1 left on base; Memphis 1 - Shreveport 2 |
BOTTOM OF THE 5TH |
Shreveport Braves batting - Pitching for Memphis Blues : RHP Craig Mitchell
|
Batting: LHB Robert Loscalzo
|
0-0: Called Strike 0-1: Foul Ball, location: 2F 0-2: Foul Ball, location: 2F 0-2: Fly out, F8 (Flyball, 78D, EV 95.6 MPH)
|
Batting: LHB Ronald Walker
|
0-0: Foul Ball, location: 2F 0-1: Foul Ball, location: 2F 0-2: Foul Ball, location: 2F 0-2: Fly out, F8 (Flyball, 8LS, EV 91.9 MPH)
|
Batting: RHB Thomas Popovich
|
0-0: Ball 1-0: Fly out, F9 (Flyball, 89XD, EV 85.6 MPH)
|
Bottom of the 5th over - 0 runs, 0 hits, 0 errors, 0 left on base; Memphis 1 - Shreveport 2 |
TOP OF THE 6TH |
Memphis Blues batting - Pitching for Shreveport Braves : RHP Juan Cardona
|
Batting: LHB Don Jacoby
|
0-0: Called Strike 0-1: Foul Ball, location: 2F 0-2: Ball 1-2: Strikes out swinging
|
Batting: RHB Randy Filkins
|
0-0: Swinging Strike 0-1: Swinging Strike 0-2: Ball 1-2: Fly out, F9 (Flyball, 89D, EV 101.3 MPH)
|
Batting: RHB Bradley Shames
|
0-0: Called Strike 0-1: Ball 1-1: Foul Ball, location: 2F 1-2: Ball 2-2: Foul Ball, location: 2F 2-2: Ball 3-2: Foul Ball, location: 2F 3-2: Ground out 6-3 (Groundball, 6S, EV 66.9 MPH)
|
Top of the 6th over - 0 runs, 0 hits, 0 errors, 0 left on base; Memphis 1 - Shreveport 2 |
BOTTOM OF THE 6TH |
Shreveport Braves batting - Pitching for Memphis Blues : RHP Craig Mitchell
|
Batting: LHB Tracy Dophied
|
0-0: Foul Ball, location: 2F 0-1: Ball 1-1: Ball 2-1: Ball 3-1: Base on Balls
|
Batting: RHB Glenn Walker
|
0-0: Ball 1-0: Called Strike 1-1: Swinging Strike 1-2: Strikes out swinging
|
Batting: RHB Robert Bohnet
|
0-0: Ball 1-0: Ground out 5-3 (Groundball, 56S, EV 69.4 MPH) Tracy Dophied to second
|
Batting: SHB Michael Lessard
|
0-0: Ball 1-0: Ball 2-0: Called Strike 2-1: Fly out, F8 (Flyball, 8RD, EV 102.5 MPH)
|
Bottom of the 6th over - 0 runs, 0 hits, 0 errors, 1 left on base; Memphis 1 - Shreveport 2 |
TOP OF THE 7TH |
Memphis Blues batting - Pitching for Shreveport Braves : RHP Juan Cardona
|
Batting: RHB Augustine Garrett
|
0-0: Foul Ball, location: 2F 0-1: Swinging Strike 0-2: Ball 1-2: Strikes out looking
|
Batting: RHB Jim Pankovits
|
0-0: SINGLE (Groundball, 34D, EV 99.4 MPH)
|
Pinch Hitting: LHB John Robbins
|
0-0: Ball 1-0: Called Strike 1-1: Called Strike 1-2: Ball 2-2: Grounds into double play, 6-4-3 (Groundball, 6, EV 84.4 MPH)
|
Top of the 7th over - 0 runs, 1 hit, 0 errors, 0 left on base; Memphis 1 - Shreveport 2 |
BOTTOM OF THE 7TH |
Shreveport Braves batting - Pitching for Memphis Blues : RHP Craig Mitchell
|
Now at 1B: Darrell Brown
|
|
Batting: RHB Jeff Matthews
|
0-0: Called Strike 0-1: Ball 1-1: Called Strike 1-2: Foul Ball, location: 2F 1-2: Foul Ball, location: 2F 1-2: DOUBLE (Line Drive, 9D, EV 92.5 MPH)
|
Batting: RHB Dave Buffamoyer
|
0-0: Foul Ball, location: 2F 0-1: Ball 1-1: Called Strike 1-2: Strikes out swinging
|
Batting: LHB Robert Loscalzo
|
0-0: Ball 1-0: Swinging Strike 1-1: Swinging Strike 1-2: Foul Ball, location: 2F 1-2: SINGLE (Groundball, 3S, EV 75.6 MPH) (infield hit) Jeff Matthews to third
|
Batting: LHB Ronald Walker
|
0-0: Ball 1-0: Grounds into double play, 6-4-3 (Groundball, 6, EV 97.5 MPH)
|
Bottom of the 7th over - 0 runs, 2 hits, 0 errors, 1 left on base; Memphis 1 - Shreveport 2 |
TOP OF THE 8TH |
Memphis Blues batting - Pitching for Shreveport Braves : RHP Juan Cardona
|
Batting: RHB William Muth
|
0-0: Called Strike 0-1: Foul Ball, location: 2F 0-2: Strikes out swinging
|
Batting: RHB Mariano Duncan
|
0-0: SINGLE (Line Drive, 8RS, EV 104.4 MPH)
|
Batting: RHB Dave Penniall
|
0-0: Ball 1-0: Ball 2-0: Foul Ball, location: 2F 2-1: Foul Ball, location: 2F 2-2: Ball 3-2: SINGLE (Groundball, 25, EV 69.4 MPH) (infield hit) Mariano Duncan to second
|
Batting: LHB Don Jacoby
|
0-0: Ball 1-0: Called Strike 1-1: Fly out, F5 (Flyball, 5D, EV 80.0 MPH)
|
Batting: RHB Randy Filkins
|
0-0: Called Strike 0-1: Ball 1-1: Ball 2-1: Called Strike 2-2: Foul Ball, location: 2F 2-2: Ball 3-2: Strikes out swinging
|
Top of the 8th over - 0 runs, 2 hits, 0 errors, 2 left on base; Memphis 1 - Shreveport 2 |
BOTTOM OF THE 8TH |
Shreveport Braves batting - Pitching for Memphis Blues : RHP Craig Mitchell
|
Batting: RHB Thomas Popovich
|
0-0: Called Strike 0-1: Ball 1-1: SINGLE (Flyball, 6D, EV 91.3 MPH)
|
Batting: LHB Tracy Dophied
|
0-0: Called Strike 0-1: Foul Ball, location: 2F 0-2: Fly out, F6 (Popup, 6M, EV 65.0 MPH)
|
Batting: RHB Glenn Walker
|
0-0: Called Strike 0-1: Ball 1-1: SINGLE (Line Drive, 78S, EV 103.8 MPH) Thomas Popovich to second Runner from 2nd tries for 3rd, SAFE, throw by LF made to third
|
Batting: RHB Robert Bohnet
|
0-0: Ball 1-0: Ball 2-0: Swinging Strike 2-1: SINGLE (Line Drive, 8LS, EV 96.9 MPH) Thomas Popovich scores Glenn Walker to second
|
Batting: SHB Michael Lessard
|
0-0: Called Strike 0-1: Called Strike 0-2: Strikes out looking
|
Batting: RHB Jeff Matthews
|
0-0: DOUBLE (Line Drive, 9D, EV 96.9 MPH) Glenn Walker scores Robert Bohnet to third Runner from 3rd tries for Home, SAFE, throw by RF to home
|
Batting: RHB Dave Buffamoyer
|
0-0: Ball 1-0: Foul Ball, location: 2F 1-1: Swinging Strike 1-2: Ball 2-2: Strikes out swinging
|
Bottom of the 8th over - 3 runs, 4 hits, 0 errors, 1 left on base; Memphis 1 - Shreveport 5 |
TOP OF THE 9TH |
Memphis Blues batting - Pitching for Shreveport Braves : RHP Juan Cardona
|
Batting: RHB Bradley Shames
|
0-0: Called Strike 0-1: Ball 1-1: Foul Ball, location: 2F 1-2: Fly out, F7 (Flyball, 7, EV 86.3 MPH)
|
Batting: RHB Augustine Garrett
|
0-0: Ball 1-0: Ball 2-0: Called Strike 2-1: Ball 3-1: Called Strike 3-2: Base on Balls
|
Batting: RHB Jim Pankovits
|
0-0: Ball 1-0: Foul Ball, location: 2F 1-1: SINGLE (Groundball, 25, EV 65.0 MPH) (infield hit) Augustine Garrett to second
|
Batting: SHB Darrell Brown
|
0-0: Called Strike 0-1: Ball 1-1: Fielders Choice at 2nd, U6 (Groundball, 4M, EV 90.6 MPH) Augustine Garrett to third
|
Batting: RHB William Muth
|
0-0: Ball 1-0: Fly out, F9 (Flyball, 89M, EV 91.3 MPH)
|
Top of the 9th over - 0 runs, 1 hit, 0 errors, 2 left on base; Memphis 1 - Shreveport 5 |
|